 Dungeon Crawl Stone Soup version 0.30-a0-824-g6c64550be9 (webtiles) character file.

Game seed: 6397733651034123449

314991 Nacht the Lord of Darkness (level 20, -1/145 HPs)
             Began as a Demonspawn Earth Elementalist on Feb 27, 2023.
             Was the Champion of Kikubaaqudgha.
             Slain by a +3 scimitar of holy wrath (27 damage)
             ... on level 2 of the Elven Halls on Feb 28, 2023.
             The game lasted 01:45:08 (57157 turns).

Nacht the Lord of Darkness (DsEE)                  Turns: 57157, Time: 01:45:08

Health: -1/145     AC: 18    Str:  6    XL:     20   Next: 50%
Magic:  16/45      EV: 18    Int: 30    God:    Kikubaaqudgha [******]
Gold:   2233       SH:  4    Dex: 19    Spells: 11/61 levels left

rFire   . . .      SeeInvis .    w - staff of death
rCold   . . .      Faith    .    (no shield)
rNeg    + . .      Spirit   .    I - +2 robe {Archmagi}
rPois   +          Reflect  .    B - +1 hat of the Tundras {Contam rPois Regen+ Slay+5}
rElec   +          Harm     .    z - +1 cloak of the Monkey {Str-4 Dex+5}
rCorr   .          Rampage  .    (gloves unavailable)
Will    +++..      Archmagi +    Q - -2 pair of boots of Rasoelop {Regen+}
Stlth   ++                       v - amulet of regeneration
HPRegen 2.84/turn                l - +6 ring of intelligence
MPRegen 0.29/turn                N - ring of willpower

@: studying Axes
A: thin metallic scales 3, icemail 2, condensation shield, demonic magic 2,
demonic willpower, demonic touch 3
}: 2/15 runes: decaying, serpentine
a: Renounce Religion, Unearth Wretches, Torment


You were on level 2 of the Elven Halls.
You worshipped Kikubaaqudgha.
Kikubaaqudgha was exalted by your worship.
You visited 8 branches of the dungeon, and saw 37 of its levels.
You visited 1 bazaar.

You collected 3317 gold pieces.
You spent 1084 gold pieces at shops.

Inventory:

Missiles
 a - a throwing net
 g - 80 poisoned darts
Armour
 e - a scarf of repulsion
 z - the +1 cloak of the Monkey (worn) {Str-4 Dex+5}
   (You acquired it on level 2 of the Vaults)

   Str:       It affects your strength (-4).
   Dex:       It affects your dexterity (+5).
 B - the +1 hat of the Tundras (worn) {Contam rPois Regen+ Slay+5}
   (You found it on level 1 of the Elven Halls)

   Slay:      It affects your accuracy & damage with ranged weapons and melee
   (+5).
   rPois:     It protects you from poison.
   Contam:    It causes magical contamination when unequipped.
   Regen:     It increases your rate of health regeneration.
 I - a +2 robe of the Archmagi (worn)
 Q - the -2 pair of boots of Rasoelop (worn) {Regen+}
   (You bought it in a shop on level 2 of the Orcish Mines)

   Regen:     It increases your rate of health regeneration.
Magical Staves
 w - a staff of death (weapon)
Jewellery
 l - a +6 ring of intelligence (left hand)
 v - an amulet of regeneration (around neck)
 x - an amulet of guardian spirit
 y - an amulet of the acrobat
 E - a ring of ice
 L - an amulet of reflection
 N - a ring of willpower (right hand)
 O - a ring of ice
 P - a ring of resist corrosion
 T - a ring of protection from cold
 V - a ring of flight
 W - a ring of protection from fire
Wands
 p - a wand of digging (5)
 r - a wand of flame (57)
 C - a wand of polymorph (17)
 H - a wand of roots (11)
 M - a wand of charming (60)
 S - a wand of light (22)
 Y - a wand of mindburst (10)
Scrolls
 b - 6 scrolls of amnesia
 f - 11 scrolls of magic mapping
 m - 7 scrolls of fog
 n - 16 scrolls of teleportation
 q - 6 scrolls of immolation
 F - 4 scrolls of enchant weapon
 R - 3 scrolls of enchant armour
 U - 2 scrolls of brand weapon
 X - a scroll of torment
 Z - a scroll of fear
Potions
 c - 4 potions of might
 d - 8 potions of attraction
 h - 8 potions of brilliance
 i - 21 potions of curing
 j - 6 potions of cancellation
 k - 6 potions of ambrosia
 o - 2 potions of resistance
 s - 3 potions of haste
 t - 3 potions of lignification
 u - 2 potions of flight
 A - 9 potions of mutation
 D - 6 potions of heal wounds
 K - a potion of berserk rage


   Skills:
 + Level 9.4 Fighting
 + Level 9.3 Dodging
 - Level 1.7 Stealth
 - Level 21.0 Spellcasting
 - Level 2.0 Conjurations
 - Level 9.0 Summonings
 - Level 21.0 Necromancy
 - Level 13.0 Transmutations
 - Level 9.0 Ice Magic
 - Level 7.0 Earth Magic


You had 11 spell levels left.
You knew the following spells:

 Your Spells              Type           Power      Damage    Failure   Level
a - Borgnjor's Vile Clut  Necr/Erth      65%        N/A       1%          5
b - Stone Arrow           Conj/Erth      100%       3d13      1%          3
c - Simulacrum            Ice/Necr       67%        N/A       1%          6
d - Haunt                 Necr/Summ      67%        N/A       1%          7
e - Sandblast             Erth           100%       2d20      1%          1
f - Necromutation         Tmut/Necr      70%        N/A       7%          8
i - Infestation           Necr           75%        N/A       1%          8
s - Anguish               Hex/Necr       59%        N/A       1%          4
t - Sublimation of Blood  Necr           100%       N/A       0%          2
u - Dispel Undead         Necr           100%       3d31      0%          4
w - Passwall              Tmut/Erth      79%        N/A       1%          2

Your spell library contained the following spells:

 Spells                   Type           Power      Damage    Failure   Level
 Kiss of Death            Conj/Necr      100%       2d13      0%          1
 Necrotise                Necr           100%       1d9       0%          1
 Vampiric Draining        Necr           100%       2d13      0%          3
 Apportation              Tloc           94%        N/A       1%          1
 Magic Dart               Conj           100%       1d8       1%          1
 Slow                     Hex            100%       N/A       1%          1
 Sting                    Tmut/Pois      100%       1d8       1%          1
 Call Imp                 Summ           91%        N/A       1%          2
 Cigotuvi's Dreadful Rot  Necr/Pois/Air  100%       N/A       1%          2
 Poisonous Vapours        Pois/Air       94%        N/A       1%          2
 Frozen Ramparts          Ice            100%       1d16      1%          3
 Animate Armour           Summ/Erth      100%       N/A       1%          4
 Ice Form                 Ice/Tmut       98%        N/A       1%          4
 Petrify                  Tmut/Erth      95%        N/A       1%          4
 Summon Ice Beast         Ice/Summ       91%        N/A       1%          4
 Summon Lightning Spire   Summ/Air       73%        N/A       1%          4
 Blade Hands              Tmut           52%        N/A       1%          5
 Irradiate                Conj/Tmut      43%        3d26      1%          5
 Lee's Rapid Deconstruct  Erth           42%        3d20*     1%          5
 Borgnjor's Revivificati  Necr           75%        N/A       1%          8
 Mephitic Cloud           Conj/Pois/Air  52%        N/A       2%          3
 Leda's Liquefaction      Hex/Erth       34%        N/A       2%          4
 Alistair's Intoxication  Tmut/Pois      54%        N/A       2%          5
 Yara's Violent Unravell  Hex/Tmut       40%        3d16      2%          5
 Statue Form              Tmut/Erth      63%        N/A       2%          6
 Confusing Touch          Hex            47%        N/A       3%          3
 Kindle Blastsparks       Fire/Tloc/Air  94%        2d17      3%          3
 Tukima's Dance           Hex            47%        N/A       3%          3
 Vhi's Electric Charge    Tloc/Air       94%        N/A       3%          3
 Freezing Cloud           Conj/Ice/Air   34%        6-21      7%          5
 Fulminant Prism          Conj/Hex       27%        3d14      8%          4
 Iskenderun's Mystic Bla  Conj/Tloc      54%        2d12      8%          4
 Airstrike                Air            23%        2d(4-20)  11%         4
 Olgreb's Toxic Radiance  Pois           47%        N/A       11%         4
 Passage of Golubria      Tloc           47%        N/A       11%         4
 Eringya's Noxious Bog    Tmut/Pois      40%        N/A       12%         6
 Arcjolt                  Conj/Air       27%        1d37      21%         5
 Lightning Bolt           Conj/Air       27%        1d43      21%         5
 Death's Door             Necr           75%        N/A       21%         9
 Iron Shot                Conj/Erth      36%        9d7       26%         6
 Conjure Ball Lightning   Conj/Air       27%        3x3d8     75%         6
 Maxwell's Capacitive Co  Air            23%        ∞         100%        8


Dungeon Overview and Level Annotations

Branches:
Dungeon (15/15)            Temple (1/1) D:6            Lair (5/5) D:10
  Swamp (4/4) Lair:2        Snake (4/4) Lair:2        Slime (0/5) Lair:5
    Orc (2/2) D:11            Elf (2/3) Orc:2        Vaults (4/5) D:14
  Crypt (0/3) Vaults:3     Depths (0/4) D:15

Altars:
Ashenzari
Cheibriados
Dithmenos
Fedhas
Gozag
Hepliaklqana
Kikubaaqudgha
Makhleb
Nemelex Xobeh
Okawaru
Qazlal
Ru
Trog
Uskayaw
Vehumet
Wu Jian
Xom
Yredelemnul

Shops:
D:5 (   Orc:2 *[!!   Elf:2 :   Snake:1 ?   Snake:2 [:::   Snake:3 *(

Annotations:
D:3 1 runed translucent door, juan097's ghost, amateur MiBe
D:8 1 runed translucent door
D:10 exclusion: orange crystal statue
D:14 1 transporter
Lair:5 2 runed translucent doors


Innate Abilities, Weirdness & Mutations

You are completely covered in thin metallic scales. (AC +4, rElec)
A meltable icy envelope protects you from harm. (AC +8)
A meltable shield of frost defends you. (SH +4)
Spells you cast may paralyse nearby enemies.
You punish those that try to bend your will. (Will+)
Your touch may irresistibly damage your foes and sap their willpower.


Message History

Reactivating autopickup.
You feel a bit more experienced.
Your phantasmal warrior gestures at the +3 scimitar of holy wrath.
Your phantasmal warrior blinks!
Your shadow wraith hits the +3 scimitar of holy wrath but does no damage.
Your life force feels restored.
The +3 scimitar of holy wrath attacks as you move away!
The +3 scimitar of holy wrath hits you!
* * * LOW HITPOINT WARNING * * *
You convulse.
* * * LOW HITPOINT WARNING * * *
The +3 scimitar of holy wrath hits your shadow wraith!
Your shadow wraith convulses!!
Your shadow wraith hits the +3 scimitar of holy wrath.
Your phantasmal warrior disappears in a puff of smoke!
The +3 scimitar of holy wrath hits your shadow wraith!
Your shadow wraith convulses.
The +3 scimitar of holy wrath barely misses your shadow wraith.
Your freezing wraith hits the +3 scimitar of holy wrath but does no damage.
Your freezing wraith misses the +3 scimitar of holy wrath.
Your shadow wraith hits the +3 scimitar of holy wrath but does no damage.
Your phantasmal warrior misses the +3 scimitar of holy wrath.
Your shadow wraith disappears in a puff of smoke!
Your phantasmal warrior misses the +3 scimitar of holy wrath.
Casting: Haunt (dangerous; 1% risk of failure)
Confirm with . or Enter, or press ? or * to list all spells.
Aiming: Haunt (dangerous; 1% risk of failure)
Press: ? - help, Dir - move target, f - +3 scimitar of holy wrath
Aim: a +3 scimitar of holy wrath (severely damaged, ally target)
You feel a strong surge of power!
Insubstantial figures form in the air.
Malevolent energies surge around you.
Your freezing wraith disappears in a puff of smoke!
Your wraith disappears in a puff of smoke! x2
The +3 scimitar of holy wrath hits you.
* * * LOW HITPOINT WARNING * * *
You convulse.
* * * LOW HITPOINT WARNING * * *
The +3 scimitar of holy wrath hits you!!
You die...
Kikubaaqudgha rasps: "You have failed me!
Welcome... death!"

####### ### ##'''## ###########
#..##.# #.# #.....# #.......:'.
#..##.# #.# #.#.#.# #........'.
#..##.# #.# #.§...# #........##
#..##.#####<# #.....# #........##
............# #§#§#.# ##.......##
..###....##.# #.W§W.# #...#''####
#.# ####.#### #W(W.)# ##..#..# #
#.# ##'##'# #.@WW.# #...#..####
#.## ##.....# #W#W#.# #...#......
...# #......# #.....# #...'......
#..###......# #.....# #..##..####
#....'......# #.#.#.# #.###..# #
##.#.#......###.....##### ##.####
##.#.#.......'.........#####.....
...#.#.......#.)####.........####
####'##......#..# #.)######.# #


You could see a +3 scimitar of holy wrath (ally target), a friendly shadow
wraith (summoned, invisible), 2 friendly phantasmal warriors, 3 friendly
freezing wraiths and 2 friendly wraiths.

Vanquished Creatures
  Boris (Vaults:2)
  The ghost of Hiliwumm the Slayer, a veteran MiGl of Okawaru (Elf:1)
  2 vault wardens
  A ghoul (Swamp:3)
  A deep elf elementalist (Elf:2)
  4 ironbound preservers
  2 ironbound thunderhulks (Vaults:3)
  3 very ugly things
  Nessos (D:13)
  An eleionoma (Swamp:3)
  A dire elephant (Vaults:4)
  A bunyip (Swamp:4)
  Josephine (D:13)
  An entropy weaver (Vaults:1)
  3 hydras
  A yaktaur captain (Vaults:4)
  8 vault guards (D:14)
  Fannar (Lair:2)
  A great orb of eyes (Vaults:3)
  An ice dragon (D:15)
  5 anacondas
  A peacekeeper (Vaults:4)
  4 ghost crabs
  2 ironbound frosthearts (Vaults:2)
  Erica (D:9)
  7 two-headed ogres
  2 centaur warriors
  2 alligators
  3 boulder beetles
  6 dancing weapons (Elf:2)
  A naga warrior (Snake:3)
  2 tengu warriors
  An orc high priest (Orc:2)
  Urug (D:13)
  2 shock serpents (Snake:4)
  A naga sharpshooter (Snake:2)
  A skeletal warrior (D:15)
  2 skysharks (Lair:5)
  A salamander mystic (Snake:4)
  A fire crab (Lair:5)
  3 goliath frogs
  2 spriggan riders
  2 spriggan druids (Swamp:3)
  4 swamp dragons
  2 nameless horrors
  2 wizards
  15 deep trolls
  4 orc knights (Orc:2)
  3 lindwurms
  5 bog bodies
  15 deep elf pyromancers
  3 naga ritualists
  5 deep elf zephyrmancers
  6 ironbound convokers
  Pikel (D:4)
  A harpy (Vaults:2)
  5 orc sorcerers
  7 mana vipers
  2 deep elf archers (Elf:2)
  An oklob plant (Lair:5)
  15 ugly things
  2 spectral spriggans (Swamp:3)
  5 cyclopes
  2 manticores (D:12)
  Maurice (D:8)
  6 salamanders
  3 elephants (Lair:2)
  A fire giant skeleton (Vaults:3)
  13 black mambas
  A guardian serpent (Snake:4)
  A naga mage (Snake:4)
  A torpor snail (Lair:5)
  2 vault sentinels
  A molten gargoyle (Lair:5)
  3 gargoyles
  Maggie (D:6)
  7 cane toads
  2 unseen horrors
  A kobold demonologist (D:8)
  2 tengu conjurers (D:15)
  2 freezing wraiths
  10 komodo dragons
  12 yaktaurs
  A polar bear (Lair:5)
  3 tyrant leeches (Swamp:3)
  7 trolls
  2 bloated husks (Swamp:3)
  A meliai (D:13)
  3 hornets
  Grinder (D:3)
  9 blink frogs
  4 dream sheep (Lair:5)
  A slime creature (Vaults:1)
  3 spriggans
  A centaur simulacrum (D:14)
  Sigmund (D:3)
  2 shadows (D:11)
  A culicivora (shapeshifter) (D:14)
  7 wyverns
  2 vampires
  47 yaks
  Grum (D:9)
  4 wraiths
  4 hogs (Swamp:4)
  2 steam dragons
  A redback (Vaults:1)
  7 basilisks
  2 vampire mosquitoes
  7 nagas
  7 swamp worms
  2 acid dragons
  Edmund (D:4)
  9 water moccasins
  4 hell hounds (Lair:5)
  A glowing shapeshifter zombie (Vaults:3)
  Duvessa (D:4)
  2 swamp drakes
  2 ice beasts
  A sky beast (D:6)
  2 ogres (Orc:2)
  17 orc warriors
  2 black bears
  A human zombie (Vaults:3)
  8 centaurs
  A boggart (Vaults:2)
  4 wolves (D:9)
  A human skeleton (Vaults:3)
  14 kobold brigands
  10 bullfrogs
  8 necrophages
  2 scorpions
  2 earth elementals (Elf:1)
  3 wights (D:7)
  Dowan (D:4)
  3 killer bees (D:7)
  2 electric eels (Lair:2)
  4 howler monkeys
  5 lava snakes
  2 hounds
  2 jellies (D:4)
  13 orc priests
  Crazy Yiuf (D:4)
  Natasha (thrice) (D:3)
  Ijyb (D:3)
  Terence (D:3)
  2 iguanas
  21 orc wizards
  2 adders
  3 white imps
  An ufetubus (D:5)
  3 worms
  63 orcs
  8 ball pythons
  5 bats
  8 endoplasms
  3 giant cockroaches
  3 hobgoblins
  2 jackals (D:5)
  6 quokkas
  9 frilled lizards
  2 goblins
  26 kobolds
  8 rats
706 creatures vanquished.

Vanquished Creatures (collateral kills)
  Frederick (Vaults:3)
  the Lernaean hydra (Swamp:4)
  Jorgrun (D:12)
  2 sphinxes
  Kirke (Swamp:4)
  Donald (Vaults:2)
  A tengu reaver (Vaults:4)
  3 nagarajas
  A fenstrider witch (Swamp:1)
  Aizul (Snake:1)
  A fire giant (Vaults:2)
  A frost giant (Vaults:1)
  A deep elf sorcerer (Elf:2)
  5 very ugly things
  5 vault wardens
  6 ironbound preservers
  A stone giant (Vaults:1)
  2 ghouls (Swamp:3)
  10 ironbound thunderhulks
  7 dire elephants
  3 eleionomae
  3 bunyips
  A deep elf death mage (Elf:1)
  An ettin (Vaults:1)
  A fire dragon (D:15)
  5 yaktaur captains
  A deep elf high priest (Elf:1)
  4 great orbs of eyes
  An entropy weaver (Vaults:4)
  An ogre mage (Vaults:4)
  3 salamander tyrants
  18 hydras
  7 centaur warriors
  9 anacondas
  A ghost crab (Swamp:2)
  5 ironbound frosthearts
  A dancing weapon (Elf:1)
  6 naga warriors
  2 boulder beetles (Vaults:2)
  7 alligators
  2 death knights (Vaults:3)
  5 two-headed ogres
  2 orc high priests (Orc:2)
  6 shock serpents
  9 naga sharpshooters
  8 salamander mystics
  9 deep elf knights
  A glowing orange brain (Vaults:2)
  2 spriggan druids
  19 deep trolls
  7 swamp dragons
  4 naga ritualists (Snake:4)
  6 deep elf archers
  4 goliath frogs
  7 ironbound convokers
  4 bog bodies
  2 wizards
  9 lindwurms
  4 necromancers
  13 deep elf zephyrmancers
  An orc knight (Orc:1)
  13 deep elf pyromancers
  9 mana vipers
  12 ugly things
  6 spectral spriggans (Swamp:3)
  2 will-o-the-wisps (Swamp:2)
  A manticore (D:15)
  16 salamanders
  6 vault sentinels
  6 guardian serpents
  21 black mambas
  A cane toad (Lair:5)
  2 molten gargoyles (Lair:5)
  9 naga magi
  32 yaktaurs
  A freezing wraith (Swamp:3)
  4 tyrant leeches
  2 hornets
  2 meliai (D:13)
  A blink frog (Lair:4)
  2 dream sheep (Lair:5)
  3 water elementals
  A wraith (Vaults:3)
  20 slime creatures
  4 spriggans
  5 air elementals
  2 fire elementals
  2 hogs (Swamp:4)
  5 yaks (Lair:5)
  A large abomination (Elf:1)
  A basilisk (Lair:5)
  2 redbacks (Vaults:4)
  20 nagas
  13 swamp worms
  A hell hound (Lair:5)
  A water moccasin (Lair:5)
  6 orc warriors
  9 swamp drakes (Swamp:4)
  2 ogres (Vaults:4)
  4 boggarts (Vaults:2)
  2 centaurs (D:14)
  A nameless horror (Elf:2)
  4 elf zombies (Elf:1)
  2 earth elementals (Elf:1)
  5 orc priests
  2 orc wizards (Orc:2)
  8 orcs
530 creatures vanquished.

Vanquished Creatures (others)
  Nikola (Snake:2)
  A centaur warrior (Vaults:1)
  A bog body (Swamp:3)
  A deep elf zephyrmancer (Orc:1)
  A nameless horror (Vaults:3)
  An orc priest (Orc:2)
  8 foxfires (Swamp:2)
  15 fungi
  24 plants
53 creatures vanquished.

Grand Total: 1289 creatures vanquished

Notes
Turn   | Place    | Note
-------+----------+-------------------------------------------
     0 | D:1      | Nacht the Demonspawn Earth Elementalist began the quest for
                  | the Orb.
     0 | D:1      | Reached XP level 1. HP: 13/13 MP: 3/3
   316 | D:1      | Gained mutation: A meltable shield of frost defends you.
                  | (SH +4) [demonic ancestry]
   316 | D:1      | Reached XP level 2. HP: 19/19 MP: 3/5
  1114 | D:2      | Gained mutation: You are partially covered in thin metallic
                  | scales. (AC +2) [demonic ancestry]
  1114 | D:2      | Reached XP level 3. HP: 24/24 MP: 0/6
  1228 | D:2      | Learned a level 3 spell: Stone Arrow
  1231 | D:2      | Learned a level 2 spell: Passwall
  1528 | D:2      | Found a bloodstained altar of Trog.
  1569 | D:3      | Noticed Sigmund
  1575 | D:3      | Killed Sigmund
  1576 | D:3      | Reached skill level 5 in Earth Magic
  1576 | D:3      | Gained mutation: Spells you cast may paralyse adjacent
                  | enemies. [demonic ancestry]
  1576 | D:3      | Reached XP level 4. HP: 26/30 MP: 2/7
  1576 | D:3      | Gained mutation: Your touch may inflict minor irresistible
                  | damage on your foes. [demonic ancestry]
  1576 | D:3      | Reached XP level 5. HP: 30/35 MP: 2/8
  1635 | D:3      | Noticed Terence
  1647 | D:3      | Killed Terence
  1766 | D:3      | Noticed Natasha
  1774 | D:3      | Killed Natasha
  1775 | D:3      | Reached XP level 6. HP: 28/41 MP: 2/9
  1880 | D:3      | Found a runed translucent door.
  1885 | D:3      | Noticed juan097's ghost (amateur MiBe)
  1996 | D:3      | Noticed Ijyb
  1999 | D:3      | Killed Ijyb
  1999 | D:3      | Noticed Grinder
  2009 | D:3      | Killed Grinder
  2135 | D:3      | Noticed Natasha
  2139 | D:3      | Killed Natasha
  2140 | D:3      | Reached XP level 7. HP: 46/46 MP: 8/10
  2246 | D:3      | Noticed Natasha
  2248 | D:3      | Killed Natasha
  2531 | D:4      | Reached skill level 1 in Necromancy
  2656 | D:4      | Noticed Duvessa
  2656 | D:4      | Noticed Dowan
  2670 | D:4      | Killed Duvessa
  2679 | D:4      | Killed Dowan
  2787 | D:4      | Found a stormy altar of Qazlal.
  2885 | D:4      | Noticed Edmund
  2902 | D:4      | Killed Edmund
  3130 | D:4      | Noticed Pikel
  3143 | D:4      | Killed Pikel
  3144 | D:4      | Reached skill level 5 in Necromancy
  3144 | D:4      | Gained mutation: A meltable icy envelope protects you from
                  | harm. (AC +8) [demonic ancestry]
  3144 | D:4      | Reached XP level 8. HP: 12/52 MP: 4/15
  3370 | D:4      | Reached skill level 5 in Spellcasting
  3551 | D:4      | Found a runed translucent door.
  3552 | D:4      | Noticed Crazy Yiuf
  3790 | D:5      | Entered Level 5 of the Dungeon
  4328 | D:5      | Found Ruetoos's Weapon Emporium.
  4786 | D:6      | Found a bloodstained altar of Trog.
  4883 | D:6      | Noticed Maggie
  4956 | D:6      | Killed Maggie
  4957 | D:6      | Gained mutation: Your touch may inflict irresistible damage
                  | on your foes. [demonic ancestry]
  4957 | D:6      | Reached XP level 9. HP: 49/57 MP: 13/18
  5207 | D:6      | You fall into a shaft and drop 2 floors!
  5281 | D:8      | Noticed a kobold demonologist
  5287 | D:8      | Killed a kobold demonologist
  5449 | D:8      | Noticed a two-headed ogre
  5458 | D:8      | Killed a two-headed ogre
  5638 | D:8      | Gained mutation: Your touch may irresistibly damage your
                  | foes and sap their willpower. [demonic ancestry]
  5638 | D:8      | Reached XP level 10. HP: 34/63 MP: 8/22
  5851 | D:7      | Found a sparkling altar of Nemelex Xobeh.
  5996 | D:7      | Found a basalt altar of Yredelemnul.
  6112 | D:7      | Found a hide-covered altar of Uskayaw.
  6150 | D:7      | Noticed a deep elf pyromancer
  6207 | D:7      | Killed a deep elf pyromancer
  6208 | D:7      | Reached skill level 10 in Necromancy
  6209 | D:7      | Found a radiant altar of Vehumet.
  6359 | D:7      | Reached skill level 1 in Ice Magic
  6740 | D:6      | Found a staircase to the Ecumenical Temple.
  6760 | D:6      | Reached skill level 1 in Summonings
  6822 | D:6      | Identified the +0 long sword of the Moon {drain, *Rage
                  | Str+5 Int+5}
  6825 | Temple   | Entered the Ecumenical Temple
  6846 | Temple   | Became a worshipper of Kikubaaqudgha
  7478 | D:4      | Killed Crazy Yiuf
  7669 | D:8      | Identified the +1 trident of the Apocalypse {holy, rElec
                  | rF- rN+ Dex+2}
  7793 | D:8      | Noticed a two-headed ogre
  7794 | D:8      | Noticed Maurice
  7800 | D:8      | Killed a two-headed ogre
  7832 | D:8      | Killed Maurice
  8090 | D:8      | Found a runed translucent door.
  8090 | D:8      | Found a burning altar of Makhleb.
  8090 | D:8      | Noticed a sixfirhy
  8348 | D:9      | Found a shimmering altar of Xom.
  8348 | D:9      | Found a shimmering altar of Xom.
  8356 | D:9      | Found a shimmering altar of Xom.
  8474 | D:9      | Noticed Grum
  8482 | D:9      | Gained mutation: A meltable icy envelope protects you from
                  | harm. (AC +8) [demonic ancestry]
  8482 | D:9      | Reached XP level 11. HP: 61/68 MP: 20/24
  8488 | D:9      | Killed Grum
  8730 | D:9      | Found an ornate altar of the Wu Jian Council.
  8731 | D:9      | Noticed Erica
  8742 | D:9      | Killed Erica
  8743 | D:9      | Reached skill level 5 in Ice Magic
  9017 | D:10     | Entered Level 10 of the Dungeon
  9040 | D:10     | Reached * piety under Kikubaaqudgha
  9040 | D:10     | Received a gift from Kikubaaqudgha
  9047 | D:10     | Learned a level 2 spell: Sublimation of Blood
  9548 | D:10     | Noticed an orange crystal statue
  9551 | D:10     | Found a staircase to the Lair.
  9698 | D:10     | Found a shadowy altar of Dithmenos.
  9733 | D:10     | Found a blossoming altar of Fedhas.
 10915 | D:11     | Noticed a two-headed ogre
 10918 | D:11     | Killed a two-headed ogre
 10919 | D:11     | Reached skill level 10 in Spellcasting
 10919 | D:11     | Reached skill level 5 in Summonings
 11294 | D:11     | Found a staircase to the Orcish Mines.
 11551 | D:11     | Reached ** piety under Kikubaaqudgha
 12059 | Lair:1   | Entered Level 1 of the Lair of Beasts
 12172 | Lair:1   | Identified the +2 shortbow of Mutaheto {drain, rN+ Int-4
                  | SInv}
 12208 | Lair:1   | Reached skill level 1 in Fighting
 12211 | Lair:1   | Gained mutation: You are mostly covered in thin metallic
                  | scales. (AC +3) [demonic ancestry]
 12211 | Lair:1   | Reached XP level 12. HP: 76/76 MP: 19/26
 12418 | Lair:1   | Found a stormy altar of Qazlal.
 12464 | Lair:1   | Noticed a five-headed hydra
 12491 | Lair:1   | Killed a five-headed hydra
 12630 | Lair:1   | Identified the +3 ring mail of Defiance {Regen+}
 13447 | Lair:2   | Found a staircase to the Snake Pit.
 13719 | Lair:2   | Noticed Fannar
 14140 | Lair:2   | Noticed a six-headed hydra
 14146 | Lair:2   | Killed a six-headed hydra
 14263 | Lair:2   | Killed Fannar
 14805 | Lair:2   | Found a staircase to the Swamp.
 14943 | Lair:2   | Reached *** piety under Kikubaaqudgha
 14943 | Lair:2   | Received a gift from Kikubaaqudgha
 14952 | Lair:2   | Learned a level 4 spell: Anguish
 14957 | Lair:2   | Learned a level 4 spell: Dispel Undead
 14963 | Lair:2   | Learned a level 5 spell: Borgnjor's Vile Clutch
 14970 | Lair:2   | Learned a level 6 spell: Simulacrum
 16913 | Lair:4   | Gained mutation: You punish those that try to bend your
                  | will. (Will+) [demonic ancestry]
 16913 | Lair:4   | Reached XP level 13. HP: 90/90 MP: 23/28
 17270 | Lair:5   | Entered Level 5 of the Lair of Beasts
 17457 | Lair:5   | Reached skill level 5 in Fighting
 18041 | Lair:5   | Found a staircase to the Slime Pits.
 18150 | Lair:5   | Reached **** piety under Kikubaaqudgha
 19272 | Lair:5   | Found a large runed translucent door.
 19603 | Lair:5   | Found a large runed translucent door.
 19605 | Lair:5   | Noticed a fire dragon
 20222 | Orc:1    | Entered Level 1 of the Orcish Mines
 20436 | Orc:2    | Entered Level 2 of the Orcish Mines
 20436 | Orc:2    | Found a staircase to the Elven Halls.
 20444 | Orc:2    | Reached ***** piety under Kikubaaqudgha
 21933 | Orc:2    | Gained mutation: You are completely covered in thin
                  | metallic scales. (AC +4, rElec) [demonic ancestry]
 21933 | Orc:2    | Reached XP level 14. HP: 103/103 MP: 2/30
 22070 | Orc:2    | Found Emmuss's Antique Armour Boutique.
 22070 | Orc:2    | Found Vun Usminn's Assorted Antiques.
 22072 | Orc:2    | Found Iroipn's Distillery.
 22072 | Orc:2    | Found Vocimogg's Distillery.
 22079 | Orc:2    | Bought a glowing scarf for 184 gold pieces
 22084 | Orc:2    | Bought a pair of crude boots for 247 gold pieces
 22084 | Orc:2    | Identified the -2 pair of boots of Rasoelop {Regen+} (You
                  | bought it in a shop on level 2 of the Orcish Mines)
 22084 | Orc:2    | Bought a scroll labelled VICOSS XEGRY for 26 gold pieces
 22093 | Orc:2    | Bought a potion of brilliance for 104 gold pieces
 22093 | Orc:2    | Bought a scroll of identify for 52 gold pieces
 23009 | D:12     | Identified the +2 ring mail of Antyta {Str+2}
 23157 | D:12     | Noticed Jorgrun
 23174 | D:12     | Killed Jorgrun
 24029 | D:13     | Noticed Josephine
 24036 | D:13     | Killed Josephine
 24290 | D:13     | Reached skill level 15 in Necromancy
 24634 | D:13     | Noticed Urug
 24645 | D:13     | Killed Urug
 24688 | D:13     | Noticed Nessos
 24692 | D:13     | Killed Nessos
 25656 | D:14     | Found a sparkling altar of Nemelex Xobeh.
 25942 | D:14     | Found a transporter.
 25943 | D:14     | Found a transporter.
 26143 | D:14     | Found a transporter.
 26151 | D:14     | Found a transporter.
 26264 | D:14     | Found a gate to the Vaults.
 26284 | D:14     | Reached XP level 15. HP: 113/113 MP: 8/32
 26629 | D:14     | Found a transporter.
 26633 | D:14     | Found a transporter.
 27295 | D:15     | Entered Level 15 of the Dungeon
 28157 | D:15     | Found a staircase to the Depths.
 28337 | D:15     | Reached ****** piety under Kikubaaqudgha
 28569 | D:15     | Received a gift from Kikubaaqudgha
 28578 | D:15     | Learned a level 7 spell: Haunt
 28747 | Snake:1  | Entered Level 1 of the Snake Pit
 28878 | Snake:1  | Found Yfeg Ypoph's Magic Scroll Boutique.
 28900 | Snake:1  | Noticed Aizul
 28935 | Snake:1  | Killed Aizul
 30095 | Snake:1  | Reached skill level 15 in Spellcasting
 30407 | Snake:1  | Learned a level 8 spell: Infestation
 30723 | Snake:2  | Noticed Nikola
 30730 | Snake:2  | Killed Nikola
 30978 | Snake:2  | Found Foevuevu's Book Emporium.
 30978 | Snake:2  | Found Mijoefy's Antique Armour Shoppe.
 30979 | Snake:2  | Found Jaihu's Book Shoppe.
 30981 | Snake:2  | Found Middeatu's Book Emporium.
 32430 | Snake:3  | Noticed a nagaraja
 32434 | Snake:3  | Killed a nagaraja
 32675 | Snake:3  | Found Kir Pome's Weapon Boutique.
 32680 | Snake:3  | Found Rokavvis's Assorted Antiques.
 32862 | Snake:3  | Reached XP level 16. HP: 119/120 MP: 23/35
 34263 | Snake:3  | Bought a scroll labelled LINLAFRALAO for 26 gold pieces
 34269 | Snake:3  | Bought a scroll of blinking for 195 gold pieces
 34307 | Snake:4  | Entered Level 4 of the Snake Pit
 34380 | Snake:4  | Found a flickering gateway to a bazaar.
 34387 | Snake:4  | Got the Compilation of Electricity
 34401 | Bazaar   | Entered a bazaar
 34401 | Bazaar   | Found Gaostomi's General Store.
 34401 | Bazaar   | Found Egialeynk's General Store.
 34525 | Bazaar   | Bought a potion of heal wounds for 65 gold pieces
 34543 | Bazaar   | Found Kapilor's General Store.
 34543 | Bazaar   | Found Amyst's General Store.
 34565 | Bazaar   | Found Soynnyenu's General Store.
 34565 | Bazaar   | Found Goostre's General Store.
 34587 | Bazaar   | Found Woaneawk's General Store.
 34587 | Bazaar   | Found Bytafuh's General Store.
 34594 | Bazaar   | Bought a potion of heal wounds for 65 gold pieces
 34619 | Bazaar   | Bought a potion of magic for 64 gold pieces
 34619 | Bazaar   | Bought a potion of curing for 24 gold pieces
 34619 | Bazaar   | Bought a potion of brilliance for 32 gold pieces
 35412 | Snake:4  | Reached skill level 5 in Dodging
 36874 | Snake:4  | Reached XP level 17. HP: 121/125 MP: 9/37
 37029 | Snake:4  | Got a serpentine rune of Zot
 37433 | Swamp:1  | Entered Level 1 of the Swamp
 41005 | Swamp:3  | HP: 3/125 [acid[a spriggan druid] (8)]
 41005 | Swamp:3  | HP: 1/125 [spriggan rider/+0 spear[a spriggan druid] (2)]
 41938 | Swamp:4  | Entered Level 4 of the Swamp
 41938 | Swamp:4  | Noticed Kirke
 41947 | Swamp:4  | Killed Kirke
 41975 | Swamp:4  | Reached XP level 18. HP: 125/132 MP: 9/39
 42802 | Swamp:4  | Reached skill level 1 in Transmutations
 42928 | Swamp:4  | Noticed the 27-headed Lernaean hydra
 43557 | Swamp:4  | Killed the 27-headed Lernaean hydra
 43951 | Swamp:4  | Got a decaying rune of Zot
 44294 | Vaults:1 | Entered Level 1 of the Vaults
 44345 | Vaults:1 | Learned a level 8 spell: Necromutation
 44985 | Vaults:1 | Reached skill level 5 in Transmutations
 47898 | Vaults:2 | Gained mutation: Spells you cast may paralyse nearby
                  | enemies. [demonic ancestry]
 47898 | Vaults:2 | Reached XP level 19. HP: 73/138 MP: 35/42
 48352 | Vaults:2 | Noticed Boris
 48404 | Vaults:2 | Killed Boris
 48492 | Vaults:2 | Identified a scroll of acquirement
 48904 | Vaults:2 | Noticed Donald
 48908 | Vaults:2 | Killed Donald
 49042 | Vaults:2 | Acquired the +1 cloak of the Monkey {Str-4 Dex+5}
 50485 | Vaults:3 | Identified the +3 ring mail of Wu Jian's Whim {Slay+4}
 50524 | Vaults:3 | Noticed Frederick
 50542 | Vaults:3 | Killed Frederick
 51104 | Vaults:3 | Reached skill level 10 in Transmutations
 51573 | Vaults:3 | Found a staircase to the Crypt.
 52095 | Vaults:4 | Identified the +1 robe of the Sun {Int+4}
 53814 | Vaults:4 | Reached XP level 20. HP: 144/144 MP: 34/44
 54281 | Elf:1    | Entered Level 1 of the Elven Halls
 54598 | Elf:1    | Paralysed by an air elemental for 1 turns
 54600 | Elf:1    | Paralysed by an air elemental for 1 turns
 54603 | Elf:1    | Paralysed by an air elemental for 1 turns
 54832 | Elf:1    | Paralysed by an air elemental for 1 turns
 55476 | Elf:1    | Found a runed translucent gate.
 55477 | Elf:1    | Found a runed translucent gate.
 55478 | Elf:1    | Found a runed translucent gate.
 55481 | Elf:1    | Noticed Hiliwumm's ghost (veteran MiGl)
 55481 | Elf:1    | Identified the +0 plate armour of Ydur {rPois Stlth+}
 55665 | Elf:1    | Paralysed by an air elemental for 1 turns
 55670 | Elf:1    | Paralysed by an air elemental for 1 turns
 55993 | Elf:1    | Killed Hiliwumm's ghost
 56082 | Elf:1    | Identified the +1 hat of the Tundras {Contam rPois Regen+
                  | Slay+5}
 56544 | Elf:2    | Found Abluebio's Book Emporium.
 56710 | Elf:2    | Found a runed translucent gate.
 56710 | Elf:2    | Found a runed translucent gate.
 56710 | Elf:2    | Found a runed translucent gate.
 56867 | Elf:2    | Identified the +7 sling of Tumult {heavy, Dex+3 Stlth-}
 57157 | Elf:2    | Slain by a +3 scimitar of holy wrath

Illustrated notes

Levels and vault maps discovered:
D:1:      dpeg_arrival_tiny_a, layout_basic, minmay_lizard_pond
D:2:      layout_rooms, basic_altar, nicolae_elevator_lobby_asterisk
D:3:      layout_basic, ebering_ghost_sewer_d, chequers_serial_rivers_micro_e,
          uniq_ijyb, uniq_natasha, uniq_sigmund, uniq_terence, uniq_grinder
D:4:      layout_loops_corners, nicolae_qazlal_scattered_showers,
          uniq_crazy_yiuf_cottage, uniq_duvessa, uniq_edmund, uniq_pikel
D:5:      layout_loops_corners, serial_shops, kennysheep_little_box
D:6:      layout_basic, lemuel_crystal_altar, minmay_temple_entry_offerings,
          uniq_maggie
D:7:      layout_loops_cross, mainiacjoe_overflow_paths,
          mainiacjoe_overflow_chevrons, nicolae_uskayaw_dance_hall,
          lemuel_round_altar, serial_rivers, chequers_serial_rivers_micro_c,
          chequers_serial_rivers_room_b, chequers_serial_rivers_micro_b,
          chequers_serial_rivers_room_a, chequers_serial_rivers_micro_c,
          grunt_ministairs_11
D:8:      layout_basic, nzn_makhleb_speed_demon, special_room
          [special_room_kobold], uniq_maurice
D:9:      layout_rooms, xom_redecorated, mainiacjoe_overflow_cross_hatched,
          uniq_erica, uniq_grum
D:10:     layout_layer_cave, mainiacjoe_overflow_two_lobes, lair_entry_dummy,
          minmay_statue_bubble
D:11:     layout_grid_maze, minmay_orc_entry_temple_small,
          minmay_fractal_squares_5
D:12:     layout_gridville, uniq_jorgrun
D:13:     layout_gridville, serial_park_tiny_2, chequers_serial_rivers_micro_a,
          minmay_misc_feat_cross, uniq_josephine, uniq_urug, uniq_nessos
D:14:     layout_long_grid, erik_vaults_2, nemelex_spade_bored_becter,
          serial_nicolae_subway, nicolae_sub_station_metal,
          nicolae_sub_station_stone, nicolae_sub_station_crystal
D:15:     grunt_enter_depths_hoard, layout_rooms, billiards_dpeg
Temple:   chequers_temple_sunken
Lair:1:   layout_chaotic_city, basic_altar, lemuel_fruit_fields,
          grunt_megastairs_3
Lair:2:   layout_chaotic_city, nicolae_swamp_entry_splash_gauntlet,
          nicolae_snake_entry_warm_welcome, roderic_carrion_pond,
          serial_bayou_shore_b, infiniplex_staircase_pool_2, uniq_fannar
Lair:3:   layout_regular_city, serial_bayou_shore_b
Lair:4:   layout_loops_ring, bh_autumn_forest_stairs,
          chequers_serial_rivers_marsh
Lair:5:   cheibrodos_lair_end_hotspot, layout_hall_layers,
          dpeg_slime_entry_enclosed, lemuel_fruit_fields
Swamp:1:  layout_falls_marsh, hangedman_swamp_cone
Swamp:2:  layout_basic_swamp, nicolae_swamp_round_clearing
Swamp:3:  nicolae_swamp_flooded_prison, layout_basic_swamp, serial_swamp_ruin,
          evilmike_swamp_ruin_house_5, evilmike_swamp_ruin_house_4
Swamp:4:  swamp_old_school, layout_basic_swamp, swamp_pool5,
          nicolae_swamp_triple_paths, uniq_kirke
Snake:1:  layout_cave_pods, serial_shops, shop, uniq_aizul
Snake:2:  layout_cave_town, minmay_shoptagon, uniq_nikola
Snake:3:  nrook_guardian_serpent_snake_passage, layout_cave_town,
          minmay_shop_star
Snake:4:  snake_pit_salamanders_mu, layout_basic, serial_shops, bzr_entry_islet,
          drop_trap
Orc:1:    layout_diamond_mine, elves_outpost_lemuel
Orc:2:    grunt_orc_tribal_feast, layout_caves, nicolae_orc_pool_cavern
Elf:1:    eino_elf_arrival_the_gate, layout_gridlike,
          gammafunk_ghost_tricky_traps, minmay_elf_necromancy, st_stairs_13,
          uniq_louise
Elf:2:    elven_hall_of_blades_hangedman_original [nooodl_blade_entry_preview],
          layout_gridlike, serial_shops, nicolae_take_the_stairs
Vaults:1: vaults_room_stairs_pillars, vaults_dpeg_hooks,
          nicolae_vaults_back_hallway, v_misc_16, hangedman_vaults_slither,
          vaults_room_hallway, ontoclasm_vaults_shout, ontoclasm_vaults_twist,
          layout_vaults_chaotic_city
Vaults:2: vaults_room_large_hall, v_misc_4, v_misc_15, hangedman_vaults_maws,
          nicolae_vaults_disjoint_gnomons, dpeg_vaults_monster_row,
          nicolae_vaults_network_barrier, vaults_dpeg_doors,
          vaults_dpeg_emergency_exit, v_misc_10,
          ontoclasm_vaults_decontamination, nicolae_vaults_little_squares_4,
          layout_vaults_maze, uniq_boris, uniq_donald
Vaults:3: v_pattern_1, vaults_room_fancy_cross, blue_anna_dwarven_crypt,
          v_misc_14, nicolae_vaults_little_squares_2, vaults_room_fours,
          layout_vaults_omnigrid, uniq_frederick
Vaults:4: nicolae_vaults_little_squares_1, grunt_vaults_hallway_short,
          hangedman_vaults_snaps, hangedman_vaults_cutoff,
          nicolae_vaults_an_arrangement, grunt_vaults_trifunnel,
          nicolae_vaults_little_squares_1, nicolae_vaults_little_squares_4,
          ontoclasm_vaults_gateway, ontoclasm_vaults_ligature, v_misc_30,
          v_misc_14, vaults_room_semicircle, v_misc_8, layout_vaults_ring

Skill      XL: |  1  2  3  4  5  6  7  8  9 10 11 12 13 14 15 16 17 18 19 20 |
---------------+-------------------------------------------------------------+-----
Earth Magic    | 3 5 7 |  7.0
Conjurations   | 2 |  2.0
Necromancy     | 5 7 9 10 11 12 14 15 18 19 20 21 | 21.0
Spellcasting   | 4 6 8 9 10 11 12 13 15 16 17 19 20 21 | 21.0
Ice Magic      | 4 7 8 9 |  9.0
Summonings     | 3 5 7 9 |  9.0
Fighting       | 1 4 7 9 |  9.4
Dodging        | 6 9 |  9.3
Transmutations | 7 11 13 | 13.0
Stealth        | |  1.7

Action                     |  1- 3 |  4- 6 |  7- 9 | 10-12 | 13-15 | 16-18 | 19-21 || total
---------------------------+-------+-------+-------+-------+-------+-------+-------++-------
  Melee: Dagger            |     8 |       |    25 |    10 |       |       |       ||    43
         Punch             |     1 |       |       |       |       |     1 |       ||     2
         Touch             |       |       |     9 |     2 |    12 |     7 |     7 ||    37
         Staff             |       |       |       |     2 |    75 |    26 |    19 ||   122
   Cast: Sandblast         |    60 |    32 |   167 |   364 |    12 |       |       ||   635
         Stone Arrow       |       |       |     6 |    92 |    13 |       |       ||   111
         Borgnjor's Vile C |       |       |       |    19 |   233 |   170 |    90 ||   512
         Simulacrum        |       |       |       |     7 |    80 |     8 |       ||    95
         Dispel Undead     |       |       |       |       |     9 |     7 |     6 ||    22
         Haunt             |       |       |       |       |    47 |   176 |   127 ||   350
         Infestation       |       |       |       |       |       |    37 |    18 ||    55
 Invoke: Receive Forbidden |       |       |       |       |     1 |       |       ||     1
    Use: Scroll            |       |       |     6 |    15 |     9 |     9 |     8 ||    47
         Potion            |       |       |     2 |     1 |     2 |     8 |     4 ||    17
   Stab: Paralysed         |       |       |    22 |    10 |     2 |    11 |       ||    45
         Distracted        |       |       |       |       |       |     1 |       ||     1
 Armour: Robe              |     9 |     2 |    26 |   123 |   124 |    94 |    61 ||   439
  Dodge: Dodged            |    11 |     5 |    47 |   161 |   122 |   170 |   146 ||   662
  Block: Other             |     3 |     1 |     8 |    49 |    31 |    24 |    32 ||   148

Table legend: (Time is in decaauts)
 A = Elapsed time spent in this place.
 B = Non-inter-level travel time spent in this place.
 C = Inter-level travel time spent in this place.
 D = Time resting spent in this place.
 E = Time spent auto-exploring this place.
 F = Levels seen in this place.
 G = Mean time per level.
                   A        B        C        D        E       F      G
               +--------+--------+--------+--------+--------+-----+--------+
         Total |  57869 |  55398 |   2471 |    371 |  46503 |  38 | 1522.9 |
       Dungeon |  18503 |  17397 |   1106 |      0 |  14690 |  15 | 1233.5 |
        Temple |     31 |     26 |      5 |      0 |     14 |   1 |   31.0 |
          Lair |   8370 |   7899 |    471 |    336 |   6524 |   5 | 1674.0 |
         Swamp |   6972 |   6769 |    203 |      0 |   5781 |   4 | 1743.0 |
     Snake Pit |   8407 |   8073 |    334 |      0 |   7027 |   4 | 2101.8 |
  Orcish Mines |   2612 |   2480 |    132 |      0 |   2001 |   2 | 1306.0 |
   Elven Halls |   2875 |   2861 |     14 |      0 |   2246 |   2 | 1437.5 |
        Vaults |   9873 |   9670 |    203 |     35 |   8027 |   4 | 2468.2 |
        Bazaar |    222 |    222 |      0 |      0 |    193 |   1 |  222.0 |
               +--------+--------+--------+--------+--------+-----+--------+

Top non-repeatable levels by time:
Vaults:3: 2892 daAuts
  Lair:5: 2806 daAuts
 Snake:4: 2574 daAuts
Vaults:2: 2494 daAuts
Vaults:1: 2399 daAuts
 Snake:3: 2206 daAuts
 Swamp:4: 2188 daAuts
    D:14: 2165 daAuts
 Swamp:3: 2104 daAuts
Vaults:4: 2087 daAuts
 Snake:1: 1904 daAuts
  Lair:2: 1861 daAuts
   Elf:1: 1850 daAuts
 Snake:2: 1722 daAuts
    D:11: 1641 daAuts
